 Dungeon Crawl Stone Soup version 0.22.1-1-ga44c0e56f4 (webtiles) character file.

1248 KleinerIrrer the Cleaver (level 8, 0/54 HPs)
             Began as an Octopode Fighter on Oct 18, 2018.
             Slain by Duvessa
             ... wielding a +0 short sword
              (8 damage)
             ... on level 6 of the Dungeon.
             The game lasted 00:03:27 (6100 turns).

KleinerIrrer the Cleaver (Octopode Fighter)         Turns: 6100, Time: 00:03:28

Health: 0/54       AC:  1    Str: 15    XL:     8   Next: 50%
Magic:  8/8        EV: 12    Int: 10    God:
Gold:   183        SH:  9    Dex: 14    Spells: 7/7 levels left

rFire    . . .     SeeInvis .   Y - +0 war axe
rCold    . . .     Gourm    .   b - +0 shield
rNeg     . . .     Faith    .   (helmet restricted)
rPois    +         Spirit   .   (no amulet)
rElec    .         Reflect  .   k - ring of poison resistance
rCorr    .         Harm     .   (no ring)
MR       .....                  (no ring)
Stlth    ++........             (no ring)
HPRegen  0.18/turn              (no ring)
MPRegen  0.11/turn              (no ring)
                                (no ring)
                                (no ring)

@: about to teleport
A: almost no armour, stealthy swim, amphibious, 8 rings, constrict 8, camouflage
1, gelatinous body 1
a: no special abilities


You were on level 6 of the Dungeon.
You were hungry.

You visited 1 branch of the dungeon, and saw 6 of its levels.

You collected 183 gold pieces.


Innate Abilities, Weirdness & Mutations

You cannot wear most types of armour.
You are very stealthy in the water. (Stealth+)
You are amphibious.
You can wear up to eight rings at the same time.
You can use your tentacles to constrict eight enemies at once.
Your skin changes colour to match your surroundings (Stealth+).
Your rubbery body absorbs attacks. (AC +1, EV +1)


   Skills:
 + Level 4.5 Fighting
 - Level 9.0 Axes
 - Level 3.0 Dodging
 - Level 4.4 Shields


You had 7 spell levels left.
You didn't know any spells.
Your spell library was empty.

Inventory:

Hand Weapons
 f - a +2 flail of protection
 Y - a +0 war axe (weapon)
Missiles
 p - 6 tomahawks (quivered)
Armour
 b - a +0 shield (worn)
Jewellery
 i - an uncursed ring of ice
 k - a ring of poison resistance (left tentacle)
 l - a +4 ring of protection {unknown}
Wands
 g - a wand of acid (8)
Scrolls
 a - a scroll of identify
 m - 2 scrolls of remove curse
Potions
 c - 3 potions of might
 j - a potion of mutation
 o - a potion of curing
Comestibles
 e - 9 rations

Dungeon Overview and Level Annotations

Branches:
Dungeon (6/15)
 Temple: D:4-7

Altars:
Nemelex Xobeh

Annotations:
D:3 1 runed door, Dickchan's ghost, amateur OpTm
D:6 Duvessa


Message History

You hit Duvessa but do no damage. You constrict Dowan.
You kill Dowan!
Duvessa screams, "No!
How DARE you!"
Duvessa goes berserk!
Duvessa hits you with a short sword! x2
6097 ||| READING scroll of teleportation.
As you read the scroll of teleportation, it crumbles to dust.
You feel strangely unstable. You block Duvessa's attack.
6098 ||| DRINKING potion of heal wounds.
You feel much better. Duvessa hits you with a short sword!
You block Duvessa's attack.
Your shield prevents you from hitting Duvessa.
Your grab misses Duvessa. Your squeeze misses Duvessa. Duvessa misses you.
Duvessa hits you with a short sword.
You slash Duvessa! You grab Duvessa.
Duvessa is lightly wounded.
You constrict Duvessa, but do no damage.
Duvessa hits you with a short sword!
You die...

#####.......# #####.###....
#.....##...## #.....##.#.## #.
#.....##.#.. ... ###.....##<..
..#. ####...........#..)..
####..........##)e......
......#######.##@# ..##..# #.#..#
#....## #.#.## ###########
##..### #...# #.........#
......## #..########.........#
##.....######..#.....##.........#
...##......##..#.....##.........#
.#####.........#.....##.........#
......#####.#........##.........#


You could see Duvessa (berserk).

Vanquished Creatures
  Sigmund (D:5)
  An ogre (D:5)
  2 sky beasts (D:5)
  Blork the orc (D:6)
  A wyvern skeleton (D:5)
  A scorpion (D:5)
  Dowan (D:6)
  2 crimson imps
  2 orc priests (D:5)
  5 orc wizards
  A hound (D:5)
  A jelly (D:4)
  A centaur skeleton (D:4)
  3 worker ants
  A hound skeleton (D:6)
  Robin (D:3)
  5 adders
  A shadow imp (D:5)
  An ooze (D:4)
  2 worms
  2 leopard geckos (D:1)
  12 orcs
  A ball python (D:1)
  5 giant cockroaches
  16 goblins
  9 hobgoblins
  11 jackals
  A ball python skeleton (D:4)
  5 bats
  5 frilled lizards
  2 kobolds
  2 rats (D:3)
105 creatures vanquished.

Notes
Turn   | Place    | Note
-------+----------+-------------------------------------------
     0 | D:1      | KleinerIrrer the Octopode Fighter began the quest for the
                  | Orb.
     0 | D:1      | Reached XP level 1. HP: 16/16 MP: 1/1
     0 | D:1      | 0 ||| counter = 2
   428 | D:1      | Reached XP level 2. HP: 21/21 MP: 2/2
   711 | D:1      | Reached skill level 3 in Axes
   785 | D:1      | 785 ||| READING scroll labeled VUYGIP HAOCKEU.
   786 | D:1      | 786 ||| READING scroll labeled XAKHLY ZAMAUDOCK.
   789 | D:1      | 789 ||| READING 2 scrolls labeled VUNUYB UVUIWN.
   790 | D:1      | 790 ||| READING scroll of identify.
   790 | D:1      | 790 ||| IDENTIFYING encrusted golden ring
   992 | D:2      | Reached XP level 3. HP: 26/26 MP: 3/3
  1093 | D:2      | Found a sparkling altar of Nemelex Xobeh.
  1396 | D:2      | 1396 ||| READING scroll labeled COISOMP EXONK.
  1397 | D:2      | 1397 ||| READING 3 scrolls of identify.
  1397 | D:2      | 1397 ||| IDENTIFYING glowing ruby ring
  1398 | D:2      | 1398 ||| DROPPING ring of wizardry.
  1399 | D:2      | 1399 ||| READING 2 scrolls of identify.
  1399 | D:2      | 1399 ||| IDENTIFYING metallic puce potion
  1438 | D:3      | Reached skill level 4 in Axes
  1570 | D:3      | Reached XP level 4. HP: 28/31 MP: 4/4
  1782 | D:3      | Found a runed door.
  1783 | D:3      | Noticed Dickchan's ghost (amateur OpTm)
  2048 | D:3      | Noticed Robin
  2127 | D:3      | Reached skill level 5 in Axes
  2130 | D:3      | Reached XP level 5. HP: 33/36 MP: 5/5
  2159 | D:3      | Killed Robin
  2602 | D:3      | 2602 ||| READING scroll labeled NELELY OMUESYZ.
  2603 | D:3      | 2603 ||| READING scroll labeled JASIGR ARHEDI.
  2604 | D:3      | 2604 ||| READING scroll labeled TYODIDW TOFAYVAEX.
  2882 | D:4      | Reached skill level 6 in Axes
  2934 | D:4      | Reached XP level 6. HP: 42/42 MP: 6/6
  3018 | D:4      | 3018 ||| STAIRDANCE
  3065 | D:3      | 3065 ||| STAIRDANCE
  3129 | D:2      | 3129 ||| READING 3 scrolls labeled ZEBIMI BIKHY.
  3130 | D:2      | 3130 ||| DRINKING 2 sapphire potions.
  3181 | D:2      | 3181 ||| READING 2 scrolls of identify.
  3181 | D:2      | 3181 ||| IDENTIFYING yellow potion
  3182 | D:2      | 3182 ||| DROPPING 2 scrolls of noise.
  3183 | D:2      | 3183 ||| DROPPING potion of degeneration.
  3184 | D:2      | 3184 ||| DROPPING potion of lignification.
  3191 | D:3      | 3191 ||| DROPPING club.
  3660 | D:4      | 3660 ||| UPGRADING to enchanted flail.
  3661 | D:4      | 3661 ||| READING scroll of remove curse.
  3662 | D:4      | 3662 ||| SWAPPING to +0 war axe.
  3790 | D:4      | 3790 ||| DROPPING -3 flail.
  3795 | D:4      | 3795 ||| DROPPING flail.
  4043 | D:4      | 4043 ||| READING scroll labeled CIAFRI SEISYRE.
  4044 | D:4      | 4044 ||| READING 4 scrolls of identify.
  4044 | D:4      | 4044 ||| IDENTIFYING murky yellow potion
  4045 | D:4      | 4045 ||| READING 3 scrolls of identify.
  4045 | D:4      | 4045 ||| IDENTIFYING bubbling purple potion
  4046 | D:4      | 4046 ||| READING 2 scrolls of identify.
  4046 | D:4      | 4046 ||| IDENTIFYING green potion
  4047 | D:4      | 4047 ||| DROPPING potion of brilliance.
  4048 | D:4      | 4048 ||| DROPPING potion of invisibility.
  4081 | D:5      | Entered Level 5 of the Dungeon
  4091 | D:5      | Reached skill level 7 in Axes
  4093 | D:5      | Noticed Sigmund
  4104 | D:5      | Killed Sigmund
  4104 | D:5      | Reached XP level 7. HP: 12/46 MP: 7/7
  4280 | D:5      | 4280 ||| EATING 7 rations.
  4356 | D:5      | Reached skill level 8 in Axes
  4357 | D:5      | 4357 ||| STAIRDANCE
  4744 | D:5      | Reached XP level 8. HP: 54/54 MP: 8/8
  4931 | D:5      | HP: 11/54 [something (3)]
  5197 | D:5      | 5197 ||| EATING 7 rations.
  5264 | D:5      | 5264 ||| STAIRDANCE
  5329 | D:4      | 5329 ||| READING 2 scrolls of identify.
  5329 | D:4      | 5329 ||| IDENTIFYING white potion
  5330 | D:4      | 5330 ||| DROPPING potion of flight.
  5475 | D:5      | 5475 ||| UPGRADING to flail of protection.
  5476 | D:5      | 5476 ||| SWAPPING to +0 war axe.
  5477 | D:5      | 5477 ||| DROPPING glowing whip.
  5835 | D:5      | 5835 ||| READING 3 scrolls of identify.
  5835 | D:5      | 5835 ||| IDENTIFYING opal ring
  5836 | D:5      | 5836 ||| UPGRADING to ring of poison resistance.
  5837 | D:5      | 5837 ||| READING 2 scrolls of identify.
  5837 | D:5      | 5837 ||| IDENTIFYING cyan potion
  6081 | D:6      | Noticed Duvessa
  6081 | D:6      | Noticed Blork the orc
  6090 | D:6      | Noticed Dowan
  6094 | D:6      | Killed Blork the orc
  6094 | D:6      | Reached skill level 9 in Axes
  6096 | D:6      | Killed Dowan
  6096 | D:6      | HP: 12/54 [Duvessa/short sword (9)]
  6096 | D:6      | HP: 5/54 [Duvessa/short sword (7)]
  6097 | D:6      | 6097 ||| READING scroll of teleportation.
  6098 | D:6      | 6098 ||| DRINKING potion of heal wounds.
  6100 | D:6      | Slain by Duvessa

Vault maps used:
D:1:      minmay_arrival_five_plusses
D:2:      nemelex_diamond_rough_becter
D:3:      ebering_ghost_reflecting_pool, uniq_robin
D:4:      first_ration
D:5:      uniq_sigmund
D:6:      minmay_temple_entry_statues_pillars, uniq_duvessa, uniq_pikel,
          uniq_blork_the_orc

Skill      XL: |  1  2  3  4  5  6  7  8 |
---------------+-------------------------+-----
Axes           | 3 4 5 6 7 8 9 |  9.0
Fighting       | 4 |  4.5
Shields        | 4 |  4.4
Dodging        | |  3.0

Action                   |  1- 3 |  4- 6 |  7- 9 || total
-------------------------+-------+-------+-------++-------
Melee: War axe           |    59 |    95 |    82 ||   236
       Constrict         |    19 |    29 |    19 ||    67
       Tentacles         |     8 |    21 |    19 ||    48
Throw: Tomahawk          |       |    15 |    11 ||    26
  Use: Scroll            |     7 |    10 |     4 ||    21
       Potion            |       |     1 |     1 ||     2
 Stab: Sleeping          |       |     1 |       ||     1
  Eat: Chunk             |     2 |     7 |       ||     9
       Ration            |       |       |     2 ||     2
Armor: Skin              |     2 |     6 |     4 ||    12
Dodge: Dodged            |    24 |    30 |    29 ||    83
Block: Shield            |    24 |    21 |    26 ||    71

Table legend:
 A = Non-vault XP
 B = Vault XP
 C = Vault XP percentage of total XP
 D = Non-vault monster count
 E = Vault monster count
 F = Vault count percentage of total count
                 A         B        C        D         E       F
            +---------+---------+-------+---------+---------+-------
      Total |    1356 |     427 |  23.9 |      89 |      16 |  15.2
            +---------+---------+-------+---------+---------+-------
        D:1 |      20 |       0 |   0.0 |      10 |       0 |   0.0
        D:2 |      45 |       0 |   0.0 |      12 |       0 |   0.0
        D:3 |     127 |      39 |  23.5 |      20 |      13 |  39.4
        D:4 |     279 |       0 |   0.0 |      22 |       0 |   0.0
        D:5 |     818 |     231 |  22.0 |      20 |       1 |   4.8
        D:6 |      67 |     157 |  70.1 |       5 |       2 |  28.6
            +---------+---------+-------+---------+---------+-------
